 Dungeon Sprint DCSS version 0.15.0 (webtiles) character file.

1727 Iskender the Martial Artist (level 9, -8/43 HPs)
             Began as a Vine Stalker Monk on Aug 29, 2014.
             Was a Believer of Qazlal.
             Mangled by a centaur warrior (14 damage)
             ... in the Dungeon (Sprint I: "Red Sonja").
             The game lasted 00:05:09 (438 turns).

Iskender the Martial Artist (Vine Stalker Monk)      Turns: 438, Time: 00:05:09

HP  -8/43        AC  2     Str 15      XL: 9   Next:  5%
MP   0/21        EV 21     Int 10      God: Qazlal [**....]
Gold 543         SH  3     Dex 19      Spells:  0 memorised,  8 levels left

rFire  . . .     SeeInvis .       - Unarmed
rCold  . . .     Clarity  .     a - +0 robe
rNeg   . . .     rCorr    .     (no shield)
rPois  .         rRot     +     (no helmet)
rElec  .         Spirit   +     (no cloak)
SustAb .         Warding  .     (no gloves)
rMut   .         NoTele   +     (no boots)
Gourm  .                        (no amulet)
MR     +....                    (no ring)
                                (no ring)

@: somewhat resistant to hostile enchantments, unstealthy
A: fangs 3, regeneration 2, magic shield, antimagic bite, no device heal 3, rot
immunity
a: Upheaval, Renounce Religion


You were in the Dungeon.
You worshipped Qazlal.
Qazlal was pleased with you.
You were not hungry.

You visited 1 branch You collected 543 gold pieces.

Inventory:

Hand weapons
 b - a +0 blowgun
 g - a +0 dagger of venom
Missiles
 i - 5 curare-tipped needles
Armour
 a - a +0 robe (worn)
Magical devices
 d - a wand of frost (14)
Comestibles
 e - 2 bread rations
Scrolls
 h - a scroll of blinking
Potions
 c - a potion of curing
 f - 2 potions of magic


   Skills:
 - Level 2.6 Fighting
 - Level 11.1 Dodging
 - Level 2.4 Stealth
 + Level 13.0 Unarmed Combat
 - Level 7.5 Invocations


You had 8 spell levels left.
You didn't know any spells.

Dungeon Overview and Level Annotations

Branches:
Dungeon (1/1)

Altars:
Cheibriados
Dithmenos
Elyvilon
Fedhas
Kikubaaqudgha
Makhleb
Nemelex Xobeh
Okawaru
Qazlal
Sif Muna
Trog
Vehumet
Xom
Yredelemnul
Zin
The Shining One
Jiyva

Shops:
D (%


Innate Abilities, Weirdness & Mutations

You have razor-sharp teeth.
You heal very quickly.
When hurt, damage is shared between your health and your magic reserves.
Your bite disrupts and absorbs the magic of your enemies.
Potions and wands cannot restore your health.
You are immune to rotting.


Message History

There's something blocking the doorway.
There is an open door here.
Things that are here:
a curare-tipped needle; 27 gold pieces You close the door.
A centaur warrior opens the door.
The centaur warrior unwields an uncursed longbow.
The centaur warrior hits you!
* * * LOW HITPOINT WARNING * * *
There is an open door here.
Drink which item? (? for menu, Esc to quit)
Okay, then.
Read which item? (? for menu, Esc to quit)
Okay, then.
Use which ability? (? or * to list)
You don't have enough magic at the moment.
Unknown command.
You hit the centaur warrior.
The centaur warrior is lightly wounded.
The centaur warrior hits you!
You die...

#..#####'#####'#__####...+
#..####..#...#.####§§#####
#..#_.####..##c#§≈≈§§
#..#_..._##'#..§§≈§§
#⌠⌠#_.∩...'..%_#
####_..%_##_.#.#
#_____###(#.#
############.####+###
#∩.......%'..c@((.$$+
###++++####...#######
##.## #+#


You could see a centaur warrior.

Vanquished Creatures
  A deep troll (D)
  2 kobold demonologists (D)
  Sonja (D)
  A slime creature (D)
  A yak (D)
  An ogre (D)
  Sigmund (D)
  A jelly (D)
  Ijyb (D)
  A giant eyeball (D)
11 creatures vanquished.

Notes
Turn   | Place    | Note
--------------------------------------------------------------
     0 | D        | Iskender, the Vine Stalker Monk, began the quest for the Orb.
     0 | D        | Reached XP level 1. HP: 11/11 MP: 1/1
     2 | D        | Noticed Ijyb
    16 | D        | Killed Ijyb
    16 | D        | Reached skill level 6 in Unarmed Combat
    16 | D        | Reached XP level 2. HP: 1/16 MP: 0/3
    17 | D        | Noticed an ogre
    18 | D        | Killed an ogre
    18 | D        | Reached skill level 9 in Unarmed Combat
    18 | D        | Reached XP level 3. HP: 2/19 MP: 1/4
    18 | D        | Reached XP level 4. HP: 2/23 MP: 1/5
    86 | D        | Noticed Sigmund
    91 | D        | Killed Sigmund
    91 | D        | Reached skill level 11 in Unarmed Combat
    91 | D        | Reached XP level 5. HP: 22/27 MP: 7/7
   104 | D        | Found a deep blue altar of Sif Muna.
   105 | D        | Noticed a jelly
   106 | D        | Found a radiant altar of Vehumet.
   109 | D        | Killed a jelly
   136 | D        | Found Zisir's Food Emporium.
   136 | D        | Found a white marble altar of Elyvilon.
   136 | D        | Found a stormy altar of Qazlal.
   136 | D        | Found a basalt altar of Yredelemnul.
   136 | D        | Found an iron altar of Okawaru.
   136 | D        | Found a sparkling altar of Nemelex Xobeh.
   136 | D        | Found a shimmering altar of Xom.
   136 | D        | Found an ancient bone altar of Kikubaaqudgha.
   136 | D        | Noticed a yak
   137 | D        | Found a burning altar of Makhleb.
   137 | D        | Found a glowing golden altar of the Shining One.
   139 | D        | Found a glowing silver altar of Zin.
   140 | D        | Found a bloodstained altar of Trog.
   142 | D        | Became a worshipper of Qazlal Stormbringer
   142 | D        | Acquired Qazlal's first power
   142 | D        | Acquired Qazlal's second power
   150 | D        | Killed a yak
   150 | D        | Reached skill level 12 in Unarmed Combat
   150 | D        | Reached skill level 5 in Invocations
   150 | D        | Gained mutation: You heal very quickly. [vine stalker growth]
   150 | D        | Reached XP level 6. HP: 20/32 MP: 8/14
   175 | D        | Found a snail-covered altar of Cheibriados.
   175 | D        | Found a viscous altar of Jiyva.
   175 | D        | Found a shadowy altar of Dithmenos.
   175 | D        | Found a blossoming altar of Fedhas.
   175 | D        | Noticed a slime creature
   185 | D        | Killed a slime creature
   185 | D        | Reached skill level 13 in Unarmed Combat
   185 | D        | Reached XP level 7. HP: 14/35 MP: 9/18
   241 | D        | Noticed a kobold demonologist
   244 | D        | Noticed a kobold demonologist
   244 | D        | Killed a kobold demonologist
   252 | D        | Noticed an ice devil
   252 | D        | Killed a kobold demonologist
   252 | D        | Gained mutation: You have razor-sharp teeth. [vine stalker growth]
   252 | D        | Reached XP level 8. HP: 34/39 MP: 11/20
   303 | D        | Noticed Sonja
   341 | D        | Killed Sonja
   344 | D        | Found Shyegaemp's Weapon Boutique.
   409 | D        | Noticed a deep troll
   427 | D        | Killed a deep troll
   427 | D        | Acquired Qazlal's third power
   427 | D        | Reached XP level 9. HP: 8/43 MP: 6/21
   431 | D        | Noticed a centaur warrior
   438 | D        | Mangled by a centaur warrior

Action                   |  1- 3 |  4- 6 |  7- 9 || total
-------------------------+-------+-------+-------++-------
Melee: Unarmed           |    10 |    20 |    20 ||    50
 Fire: Blowgun           |       |       |     3 ||     3
Invok: Upheaval          |       |       |     5 ||     5
  Use: Potion            |     1 |       |     2 ||     3
 Stab: Sleeping          |       |     1 |       ||     1
